 Dungeon Crawl Stone Soup version 0.18.1-6-gd335043 (webtiles) character file.

1080 Enish the Slicer (level 8, -4/52 HPs)
             Began as a Halfling Necromancer on May 18, 2016.
             Was an Initiate of Gozag.
             Killed from afar by Dowan (18 damage)
             ... with a shard of ice
             ... on level 6 of the Dungeon.
             The game lasted 00:20:53 (7625 turns).

Enish the Slicer (Halfling Necromancer)             Turns: 7625, Time: 00:20:58

Health: -4/52      AC:  2    Str:  8    XL:     8   Next: 55%
Magic:  10/10      EV: 11    Int: 19    God:    Gozag
Gold:   167        SH:  6    Dex: 17    Spells: 2 memorised, 6 levels left

rFire  . . .     SeeInvis .     h - +0 short sword
rCold  . . .     Gourm    .     a - +0 robe
rNeg   . . .     Faith    .     l - +0 buckler
rPois  .         Spirit   .     (no helmet)
rElec  .         Dismiss  .     (no cloak)
rCorr  .         Reflect  .     (no gloves)
SustAt .         Harm     .     (no boots)
MR     .....                    p - amulet of rage (curse)
Stlth  ++........               (no ring)
                                s - +5 ring of intelligence

@: lethally poisoned (-4 -> -9), exhausted, gold aura, slowed, very slow, not
resistant to hostile enchantments, unstealthy
A: mutation resistance 1
a: Potion Petition, Call Merchant, Bribe Branch, Renounce Religion, Evoke
Berserk Rage


You were on level 6 of the Dungeon.
You worshipped Gozag.
Gozag was noncommittal.
You were not hungry.

You visited 1 branch of the dungeon, and saw 6 of its levels.

You collected 610 gold pieces.
You spent 407 gold pieces at shops.
You paid 36 gold pieces to Gozag.

Inventory:

Hand Weapons
 h - a +0 short sword (weapon)
Missiles
 i - 154 stones (quivered)
 j - 78 sling bullets
Armour
 a - a +0 robe (worn)
 l - a +0 buckler (worn)
Jewellery
 n - an uncursed amulet of regeneration
 p - a cursed amulet of rage (around neck)
 s - a +5 ring of intelligence (left hand)
Scrolls
 d - 2 scrolls of identify
 e - a scroll of fog
 f - 4 scrolls of teleportation
 o - a scroll of amnesia
Potions
 k - 2 potions of degeneration
 m - a potion of brilliance
 r - a potion of agility
Books
 b - a book of Necromancy

   Spells                             Type                      Level
   a - Pain                           Necromancy                   1
   b - Animate Skeleton               Necromancy                   1
   c - Vampiric Draining              Necromancy                   3
   d - Regeneration                   Charms/Necromancy            3
   e - Animate Dead                   Necromancy                   4
   f - Control Undead                 Necromancy                   4
Comestibles
 c - 3 bread rations


   Skills:
 - Level 3.3 Fighting
 - Level 8.3 Short Blades
 * Level 3.7 Dodging
 - Level 2.1 Stealth
 - Level 5.1 Shields
 - Level 1.5 Spellcasting
 - Level 3.2 Necromancy


You had 6 spell levels left.
You knew the following spells:

 Your Spells              Type           Power        Failure   Level  Hunger
a - Pain                  Necr           ##..         6%          1    ##.....
b - Vampiric Draining     Necr           ##........   17%         3    ####...


Dungeon Overview and Level Annotations

Branches:
Dungeon (6/15)
 Temple: D:4-7

Altars:
Dithmenos
Elyvilon
Gozag
Makhleb
Nemelex Xobeh
Okawaru
Pakellas
Ru
Trog
Vehumet
The Shining One

Shops:
D:4 }   D:5 =

Annotations:
D:6 Blork the orc, Dowan, Edmund


Innate Abilities, Weirdness & Mutations

You are small and have problems with some larger weapons.
You are somewhat resistant to further mutation.


Message History

Dowan seems to find hidden reserves of power!
Your Dodging skill increases to level 3!
You feel sick. You block the jackal's attack.
You completely miss Dowan. The jackal barely misses you.
Dowan completely misses you.
You hit Dowan but do no damage.
The jackal is distracted by the nearby gold.
The jackal barely misses you.
The jackal barks!
Unknown command.
You miss Dowan.
You feel sick.
Dowan casts a spell.
Dowan blinks!
You are no longer berserk.
You are exhausted.
You feel yourself slow down. The jackal barely misses you.
Dowan points at you and mumbles some strange words.
The shard of ice hits you!
You die...
Your body crumbles into a pile of gold.

###############
$
..e............
...............
.......ยง.......
#.h@.# #.h.$#
#...$...#
#..!....#
+.......#
#...(...#
####...## $
#...# .....


You could see Dowan and 2 jackals.

Vanquished Creatures
  Duvessa (D:6)
  An ogre (D:5)
  A centaur (D:6)
  2 scorpions (D:6)
  A water moccasin skeleton (D:4)
  3 howler monkeys
  A crimson imp (D:5)
  3 hounds (D:5)
  2 giant frog skeletons
  An iguana (D:5)
  A worker ant (D:4)
  Natasha (twice) (D:3)
  2 hound skeletons
  Robin (D:2)
  9 adders
  A shadow imp (D:4)
  4 oozes
  An adder skeleton (D:4)
  An adder zombie (D:5)
  3 worms
  3 dart slugs
  8 giant geckos
  2 orcs (D:3)
  A ball python (D:2)
  4 giant cockroaches
  15 hobgoblins
  4 jackals
  8 kobolds
  A quokka (D:2)
  6 bats
  A giant gecko zombie (D:5)
  9 giant newts
  14 goblins
  A quokka skeleton (D:5)
  12 rats
130 creatures vanquished.

Notes
Turn   | Place    | Note
--------------------------------------------------------------
     0 | D:1      | Enish the Halfling Necromancer began the quest for the Orb.
     0 | D:1      | Reached XP level 1. HP: 11/11 MP: 3/3
    66 | D:1      | Found a glowing golden altar of the Shining One.
   156 | D:1      | Reached skill level 1 in Fighting
   244 | D:1      | Reached XP level 2. HP: 15/18 MP: 0/4
   474 | D:1      | Reached XP level 3. HP: 21/24 MP: 2/5
  1470 | D:2      | Reached XP level 4. HP: 28/30 MP: 6/6
  1493 | D:2      | Noticed Robin
  1964 | D:2      | Reached skill level 1 in Short Blades
  2100 | D:2      | Reached skill level 2 in Short Blades
  2170 | D:2      | Reached XP level 5. HP: 19/36 MP: 0/7
  2314 | D:2      | Killed Robin
  2319 | D:2      | Reached skill level 3 in Short Blades
  2870 | D:3      | Found an opulent altar of Gozag.
  2870 | D:3      | Found a white marble altar of Elyvilon.
  2873 | D:3      | Became a worshipper of Gozag Ym Sagoz the Greedy
  3147 | D:3      | Found a faded altar to an unknown god.
  3158 | D:3      | Reached skill level 4 in Short Blades
  3201 | D:3      | Found a sparkling altar of Nemelex Xobeh.
  3664 | D:3      | Found an oddly glowing altar of Pakellas.
  3697 | D:3      | Noticed Natasha
  3703 | D:3      | Killed Natasha
  3703 | D:3      | Reached XP level 6. HP: 39/42 MP: 8/8
  3791 | D:3      | Reached skill level 5 in Short Blades
  3794 | D:3      | Noticed Natasha
  3816 | D:3      | Killed Natasha
  3828 | D:3      | Learned a level 3 spell: Vampiric Draining
  4589 | D:4      | Reached skill level 6 in Short Blades
  4800 | D:4      | Found Uwolaci's Gadget Emporium.
  4896 | D:4      | Found a sacrificial altar of Ru.
  5061 | D:4      | Reached XP level 7. HP: 40/46 MP: 9/9
  5126 | D:4      | Reached skill level 7 in Short Blades
  5246 | D:4      | Found a bloodstained altar of Trog.
  5247 | D:4      | Found an iron altar of Okawaru.
  5360 | D:3      | Found a shadowy altar of Dithmenos.
  5710 | D:5      | Entered Level 5 of the Dungeon
  5788 | D:5      | Reached skill level 8 in Short Blades
  6206 | D:5      | Found a radiant altar of Vehumet.
  6206 | D:5      | Found a burning altar of Makhleb.
  6249 | D:5      | Reached skill level 1 in Shields
  6332 | D:5      | Found Jiseil's Jewellery Shoppe.
  6336 | D:5      | Bought a cursed amulet of rage for 407 gold pieces
  6454 | D:5      | Found a glowing golden altar of the Shining One.
  6521 | D:5      | Reached XP level 8. HP: 45/52 MP: 10/10
  7115 | D:6      | Noticed Blork the orc
  7331 | D:6      | Noticed Edmund
  7364 | D:6      | Reached skill level 5 in Shields
  7369 | D:6      | Noticed Duvessa
  7379 | D:6      | Noticed Dowan
  7621 | D:6      | Killed Duvessa
  7625 | D:6      | Killed from afar by Dowan

Skill      XL: |  1  2  3  4  5  6  7  8 |
---------------+-------------------------+-----
Fighting       | 1 2 3 |  3.3
Short Blades   | 2 4 6 8 |  8.3
Shields        | 3 5 |  5.1
Dodging        | 3 |  3.7
Stealth        | |  2.1
Spellcasting   | |  1.5
Necromancy     | |  3.2

Action                   |  1- 3 |  4- 6 |  7- 9 || total
-------------------------+-------+-------+-------++-------
Melee: Unarmed           |     2 |       |       ||     2
       Short sword       |    48 |   342 |   235 ||   625
Throw: Stone             |     3 |    16 |       ||    19
 Cast: Pain              |    19 |    26 |    16 ||    61
       Vampiric Draining |       |     2 |     6 ||     8
 Abil: Evoke Berserk Rag |       |       |     2 ||     2
  Use: Potion            |       |     4 |     4 ||     8
       Scroll            |       |     7 |       ||     7
 Stab: Sleeping          |     6 |     4 |     2 ||    12
  Eat: Chunk             |     2 |     7 |       ||     9
       Beef jerky        |       |     1 |       ||     1
       Fruit             |       |     3 |       ||     3
       Bread ration      |       |     1 |     1 ||     2
       Royal jelly       |       |     1 |       ||     1
       Meat ration       |       |       |     1 ||     1
Armor: Robe              |     6 |    24 |    24 ||    54
Dodge: Dodged            |    29 |   230 |   133 ||   392
Block: Buckler           |       |       |    38 ||    38
